Map: Echo LE (Void)

Players

LiquidMaNa (MaNa)

  • Race: Protoss Protoss
  • League: Grandmaster
  • Spawn Location: 11:00

MarineLorD - Winner!

  • Race: Terran Terran
  • League: Master
  • Spawn Location: 5:00

Event: NationWars IV

VOD

Have the link to the VOD?

Description

Time

  • Played on: Jan. 6, 2017, 4:07 p.m.
  • Length: 10:52
Show
View Real Time Build Order
Export as new Build Order

LiquidMaNa Protoss 

Build Orders: 1 Gate Expand, Zealot Archon 

Get SALT Encoding   

  12  0:00  Probe (Chrono Boost)  
  13  0:11  Probe (Chrono Boost)  
  14  0:17  Pylon  
  14  0:22  Probe (Chrono Boost)  
  16  0:35  Probe (Chrono Boost)  
  16  0:36  Gateway  
  16  0:46  Probe (Chrono Boost), Assimilator  
  17  0:56  Probe (Chrono Boost)  
  18  1:07  Probe (Chrono Boost)  
  19  1:19  Nexus  
  19  1:30  Cybernetics Core  
  19  1:32  Probe (Chrono Boost)  
  20  1:39  Assimilator  
  20  1:43  Probe (Chrono Boost)  
  21  1:49  Pylon  
  21  1:53  Probe (Chrono Boost)  
  22  2:04  Adept, Probe (Chrono Boost)  
  22  2:07  Warp Gate  
  26  2:16  Probe (Chrono Boost)  
  26  2:28  Probe (Chrono Boost)  
  27  2:30  Robotics Facility  
  27  2:32  Adept  
  27  2:35  Probe (Chrono Boost)  
  30  2:38  Probe (Chrono Boost)  
  31  2:46  Probe (Chrono Boost)  
  31  2:49  Probe (Chrono Boost)  
  33  2:57  Probe (Chrono Boost)  
  34  2:59  Probe (Chrono Boost)  
  35  3:08  Mothership Core (Chrono Boost)  
  35  3:10  Probe (Chrono Boost)  
  38  3:15  Warp Prism  
  38  3:18  Gateway  
  40  3:22  Gateway  
  40  3:25  Probe (Chrono Boost)  
  42  3:28  Adept, Probe (Chrono Boost)  
  44  3:35  Pylon  
  44  3:37  Probe (Chrono Boost)  
  44  3:41  Probe (Chrono Boost)  
  46  3:50  Pylon  
  46  3:53  Probe (Chrono Boost)  
  46  3:55  Probe (Chrono Boost)  
  48  3:58  Observer  
  48  4:02  Twilight Council  
  49  4:03  Forge  
  49  4:04  Probe (Chrono Boost)  
  49  4:05  Assimilator  
  49  4:08  Probe (Chrono Boost)  
  51  4:11  Stalker  
  54  4:17  Probe (Chrono Boost)  
  54  4:18  Stalker  
  54  4:19  Probe (Chrono Boost)  
  54  4:21  Observer  
  54  4:24  Stalker  
  60  4:27  Protoss Ground Weapons Level 1  
  60  4:28  Assimilator  
  60  4:29  Probe (Chrono Boost)  
  62  4:31  Probe (Chrono Boost)  
  62  4:35  Pylon  
  62  4:37  Resonating Glaives  
  62  4:53  Probe (Chrono Boost)  
  62  4:55  Probe (Chrono Boost)  
  62  4:59  Stalker x2  
  68  5:02  Stalker  
  68  5:04  Probe (Chrono Boost)  
  69  5:07  Probe (Chrono Boost)  
  69  5:08  Pylon  
  69  5:12  Pylon  
  69  5:15  Probe (Chrono Boost)  
  70  5:23  Immortal  
  70  5:25  Pylon  
  70  5:27  Probe (Chrono Boost)  
  75  5:38  Nexus  
  76  5:43  Probe (Chrono Boost)  
  76  5:53  Gateway x2  
  76  5:57  Immortal  
  76  6:00  Probe (Chrono Boost)  
  76  6:02  Probe (Chrono Boost)  
  82  6:08  Pylon  
  82  6:11  Pylon  
  82  6:12  Templar Archives  
  82  6:15  Protoss Ground Armor Level 1  
  82  6:20  Sentry x2  
  82  6:21  Adept  
  88  6:26  Gateway  
  88  6:28  Gateway  
  88  6:34  Gateway  
  88  6:42  Immortal  
  88  6:45  Pylon  
  87  6:50  High Templar x2  
  87  6:54  Archon  
  95  6:56  Adept x2  
  95  7:00  Adept  
  101  7:05  Pylon  
  101  7:07  Probe (Chrono Boost)  
  104  7:09  Probe x2 (Chrono Boost)  
  104  7:19  Adept x2  
  98  7:30  Adept x2  
  98  7:31  Adept  
  98  7:37  Immortal  
  99  7:40  Probe (Chrono Boost)  
  99  7:42  Adept, Sentry  
  81  7:47  Probe (Chrono Boost)  
  80  7:56  High Templar  
  80  7:57  Zealot x4, High Templar  
  89  8:03  Archon  
  87  8:05  Zealot  
  87  8:06  Adept  
  89  8:18  Adept x2  
  89  8:19  Adept x2  
  96  8:27  Adept  
  96  8:28  Adept x2  
  96  8:29  Adept  
  96  8:48  Adept  
  96  8:50  Adept x3  
  100  8:57  Zealot x2  
  102  9:05  Stalker x2  
  102  9:19  Probe (Chrono Boost)  
  102  9:20  Probe (Chrono Boost)  
  96  9:29  Probe (Chrono Boost)  
  94  9:32  Probe (Chrono Boost), Sentry  
  94  9:33  Nexus  
  94  9:40  High Templar x2  
  94  9:41  Pylon  
  94  9:44  Archon  
  100  9:46  Mothership Core (Chrono Boost)  
  100  9:48  Stalker x2  
  103  9:57  Robotics Facility  
  103  10:02  Probe (Chrono Boost)  
  103  10:06  Probe (Chrono Boost)  
  105  10:13  Stalker x2  
  109  10:15  Probe (Chrono Boost)  
  109  10:18  Probe (Chrono Boost)  
  109  10:20  Pylon  
  111  10:23  Adept  
  111  10:27  Adept  
  115  10:33  Adept x2  
Show
View Real Time Build Order
Export as new Build Order

MarineLorD Terran - Winner!

Build Orders: Liberator Opening, Reaper Expand, MMM Bio 

Get SALT Encoding   

  12  0:01  SCV  
  13  0:13  SCV  
  14  0:18  Supply Depot  
  14  0:25  SCV  
  15  0:29  Refinery  
  15  0:40  SCV  
  16  0:44  Barracks  
  16  0:52  SCV  
  17  1:04  SCV  
  18  1:16  SCV  
  19  1:31  Orbital Command, Reaper  
  20  1:43  Command Center  
  20  1:56  SCV  
  20  2:01  Factory  
  21  2:06  Barracks Reactor  
  21  2:08  SCV  
  21  2:12  Supply Depot  
  22  2:20  SCV  
  23  2:26  Refinery  
  23  2:34  SCV  
  24  2:43  Marine x2  
  26  2:46  Starport, SCV  
  27  2:51  Widow Mine  
  27  2:56  Orbital Command  
  27  2:58  SCV  
  30  3:01  Marine  
  30  3:02  Marine  
  32  3:12  SCV  
  33  3:15  Liberator  
  33  3:19  Marine  
  34  3:20  Marine, Widow Mine  
  34  3:22  SCV  
  34  3:25  SCV  
  39  3:28  Supply Depot  
  42  3:34  SCV  
  42  3:37  SCV  
  44  3:42  Supply Depot  
  44  3:44  Marine x2  
  46  3:49  SCV x2  
  46  3:54  Factory Tech Lab  
  47  4:01  SCV x2  
  47  4:02  Marine x2, Supply Depot  
  49  4:06  Barracks  
  51  4:13  SCV x2  
  51  4:15  Starport Tech Lab  
  53  4:21  Barracks  
  53  4:22  Marine x2, Factory Tech Lab  
  55  4:26  SCV x2  
  55  4:28  Engineering Bay  
  57  4:31  Refinery  
  57  4:38  SCV  
  58  4:40  Marine x2  
  57  4:51  Starport Reactor, SCV  
  57  4:52  SCV  
  59  5:01  Missile Turret, Marine x2  
  59  5:03  SCV  
  62  5:09  Siege Tank  
  65  5:15  Terran Infantry Weapons Level 1, SCV  
  65  5:16  Bunker  
  66  5:22  Missile Turret, Marine x3  
  66  5:23  Marine  
  66  5:27  Stimpack  
  70  5:29  Supply Depot  
  70  5:33  Supply Depot  
  70  5:34  SCV x2  
  72  5:40  Supply Depot  
  72  5:41  Siege Tank  
  75  5:43  Marine  
  75  5:44  Marine  
  75  5:46  Marine  
  78  5:50  Supply Depot  
  78  5:51  SCV  
  78  5:53  SCV  
  78  5:56  Combat Shields  
  80  6:03  Supply Depot, SCV  
  81  6:05  SCV  
  81  6:08  Marauder, Marine x2  
  81  6:09  Marauder  
  88  6:15  SCV  
  89  6:18  Medivac  
  89  6:20  Medivac  
  93  6:32  Marine x2  
  95  6:33  Command Center, Marine  
  95  6:34  Refinery  
  95  6:38  Factory Reactor  
  96  6:46  Marauder  
  98  6:50  Supply Depot  
  98  6:52  Barracks x2, SCV  
  98  6:53  SCV  
  100  6:58  Marauder, Marine x2  
  104  7:06  Medivac x2  
  108  7:08  SCV  
  108  7:09  SCV  
  108  7:14  Supply Depot  
  108  7:15  Concussive Shells  
  110  7:16  Supply Depot  
  110  7:25  SCV  
  111  7:30  Missile Turret  
  111  7:33  Marauder  
  111  7:37  Marine x2  
  112  7:40  Marauder  
  112  7:41  Marine  
  112  7:43  Medivac x2, Widow Mine x2  
  117  7:49  Orbital Command  
  117  7:57  SCV x2  
  119  8:03  Bunker  
  119  8:05  Marauder, Marine x2  
  123  8:06  Liberator  
  123  8:09  Barracks Reactor, Liberator  
  123  8:11  Terran Infantry Armor Level 1  
  120  8:20  Marine  
  120  8:21  Marauder  
  120  8:23  Missile Turret  
  120  8:26  Orbital Command  
  129  8:35  Marauder, Marine x2  
  129  8:38  Marine  
  121  8:41  Marine  
  121  8:46  Marine  
  121  8:47  Marine  
  111  8:49  Liberator  
  111  8:53  Marine  
  111  8:54  Marine  
  111  8:56  Marauder  
  111  8:57  Marauder  
  111  8:59  Marine  
  114  9:04  Marine  
  114  9:05  Marine  
  117  9:14  Marine  
  117  9:15  Marine  
  114  9:18  Marauder x3  
  114  9:22  Marine  
  114  9:23  Marine  
  114  9:32  Marine x2  
  114  9:33  SCV x2  
  118  9:39  Marauder x2  
  118  9:40  Marauder, Marine x2  
  83  9:45  Medivac  
  126  9:49  Medivac  
  126  9:50  Marine x2  
  132  9:57  Armory  
  132  9:58  Marine  
  132  9:59  Engineering Bay  
  133  10:00  Marauder x2, Supply Depot  
  133  10:01  Marauder  
  133  10:02  Supply Depot  
  133  10:05  SCV x2  
  141  10:07  Missile Turret  
  141  10:11  Widow Mine  
  141  10:12  Widow Mine  
  148  10:22  Marauder x2, Marine x2  
  148  10:24  Supply Depot  
  148  10:27  Supply Depot  
  154  10:28  SCV  
  154  10:29  SCV  
Tags
 
Add a new tag
Caveats
  • Supply blocks, unpowered buildings, or Contaminate may cause inaccurate times.
  • Supply counts are checked every 10 seconds.